Map: Pillars of Gold LE

Players

MaSa

  • Race: Terran Terran
  • League: Master
  • Spawn Location: 7:00

Silky - Winner!

  • Race: Zerg Zerg
  • Spawn Location: 1:00

Event: DreamHack SC2 Masters 2020 Summer North America

VOD

Have the link to the VOD?

Description

Time

  • Played on: July 2, 2020, 4:16 p.m.
  • Length: 10:35

All games in this series

Show
View Real Time Build Order
Export as new Build Order

MaSa Terran 

Build Orders: Reaper Expand 

Get SALT Encoding   

  12  0:00  SCV  
  13  0:12  SCV  
  14  0:17  Supply Depot  
  14  0:24  SCV  
  15  0:39  SCV  
  15  0:40  Barracks  
  16  0:44  Refinery  
  16  0:51  SCV  
  17  1:03  SCV  
  18  1:15  SCV  
  19  1:27  Reaper  
  19  1:28  Orbital Command  
  20  1:44  Command Center  
  20  1:52  Supply Depot  
  20  1:54  SCV  
  20  2:00  Refinery  
  21  2:02  Barracks Reactor  
  21  2:03  Marine  
  21  2:08  SCV  
  23  2:20  Factory, SCV  
  24  2:25  Barracks Reactor  
  24  2:30  Bunker  
  24  2:33  SCV  
  25  2:46  SCV  
  25  2:57  Orbital Command  
  25  2:58  SCV  
  26  3:07  Starport  
  26  3:10  SCV  
  31  3:13  Hellion x2  
  31  3:22  SCV  
  32  3:27  SCV  
  36  3:34  Hellion x2, SCV  
  36  3:41  Supply Depot, SCV  
  37  3:43  Marine  
  37  3:47  Fusion Core  
  39  3:48  Starport Tech Lab  
  39  3:49  SCV  
  39  3:53  SCV  
  41  3:58  Supply Depot  
  41  4:00  Hellion  
  41  4:01  Barracks Tech Lab  
  43  4:04  Hellion  
  43  4:07  SCV  
  46  4:10  SCV  
  47  4:19  SCV  
  47  4:22  SCV  
  47  4:24  Refinery  
  49  4:29  Supply Depot  
  49  4:31  SCV, Hellion  
  49  4:32  Hellion  
  49  4:34  SCV  
  55  4:43  Battlecruiser  
  60  4:54  Hellion x2  
  60  4:55  SCV  
  61  5:01  SCV  
  61  5:07  SCV  
  61  5:09  Armory  
  61  5:14  SCV  
  63  5:15  Supply Depot  
  63  5:19  SCV  
  64  5:25  Hellion x2  
  64  5:27  SCV  
  69  5:29  Weapon Refit  
  66  5:43  SCV  
  66  5:46  Hellion x2  
  58  5:59  SCV x2  
  54  6:14  Battlecruiser  
  54  6:15  SCV  
  59  6:20  SCV  
  59  6:21  Supply Depot  
  60  6:35  Command Center  
  60  6:37  SCV  
  60  6:38  SCV  
  62  6:45  Hellion  
  66  6:47  Hellion  
  66  6:50  SCV  
  66  6:52  Supply Depot, SCV  
  68  7:01  Refinery  
  68  7:02  SCV  
  68  7:03  Terran Ship Weapons Level 1  
  68  7:04  SCV  
  70  7:10  Factory  
  70  7:11  Factory, Barracks Tech Lab  
  70  7:14  SCV  
  71  7:16  SCV  
  72  7:26  SCV  
  72  7:29  SCV  
  74  7:32  Battlecruiser  
  82  7:37  Hellion  
  82  7:38  SCV  
  82  7:41  SCV  
  84  7:44  Hellion  
  84  7:49  Orbital Command  
  86  7:53  SCV x2  
  94  8:07  SCV, Hellion x2  
  99  8:14  SCV  
  99  8:17  Refinery  
  96  8:22  Refinery, Thor  
  96  8:23  Engineering Bay  
  96  8:27  Thor  
  89  8:40  SCV x3  
  89  8:50  Starport  
  89  8:52  SCV  
  83  8:56  SCV x2  
  84  9:04  SCV, Missile Turret  
  84  9:08  SCV  
  87  9:11  Orbital Command  
  87  9:13  Siege Tank x2  
  87  9:16  SCV  
  93  9:24  Armory  
  93  9:26  SCV  
  93  9:27  Missile Turret  
  93  9:28  SCV  
  101  9:46  SCV  
  101  9:47  SCV  
  101  9:48  SCV  
  96  9:59  SCV  
  97  10:02  Hellion x2  
  97  10:04  Starport Tech Lab  
  97  10:05  Command Center  
  101  10:10  Supply Depot  
  101  10:18  Missile Turret  
Show
View Real Time Build Order
Export as new Build Order

Silky Zerg - Winner!

Build Orders: Hatch First 

Get SALT Encoding   

  12  0:00  Drone  
  13  0:12  Overlord  
  13  0:17  Drone  
  14  0:31  Drone x2  
  16  0:50  Hatchery  
  16  0:53  Drone  
  16  0:57  Drone  
  16  1:00  Drone  
  18  1:10  Extractor  
  17  1:16  Spawning Pool  
  16  1:20  Drone  
  16  1:22  Drone  
  18  1:29  Drone  
  19  1:39  Drone  
  20  1:49  Overlord  
  20  2:03  Queen x2  
  20  2:04  Zergling x4  
  26  2:10  Metabolic Boost  
  26  2:13  Drone  
  27  2:17  Drone  
  27  2:19  Extractor  
  28  2:25  Drone x2  
  28  2:26  Extractor  
  29  2:35  Zergling x2, Extractor  
  29  2:38  Overlord  
  29  2:50  Drone x2  
  31  2:56  Hatchery, Drone  
  32  2:58  Drone  
  32  3:05  Queen  
  33  3:09  Drone x2  
  37  3:13  Drone  
  37  3:14  Drone  
  37  3:18  Overlord  
  39  3:21  Drone  
  39  3:23  Drone  
  41  3:28  Drone  
  42  3:35  Overlord  
  42  3:39  Drone  
  42  3:41  Queen  
  43  3:47  Drone  
  43  3:48  Drone x3  
  49  3:51  Drone  
  49  3:52  Baneling Nest  
  49  4:02  Zergling x4  
  51  4:09  Drone x2, Queen  
  55  4:16  Drone x4  
  58  4:17  Queen  
  58  4:20  Lair  
  58  4:22  Overlord  
  60  4:28  Overlord  
  60  4:29  Overlord  
  60  4:35  Overlord  
  60  4:38  Overlord  
  60  4:42  Zergling x8  
  64  4:51  Queen  
  64  4:52  Queen  
  66  4:55  Overlord  
  66  5:00  Spore Crawler x2  
  66  5:01  Spore Crawler  
  66  5:03  Zergling x14  
  70  5:10  Drone x2  
  70  5:12  Zergling x2  
  70  5:13  Zergling x2  
  73  5:20  Extractor  
  73  5:21  Extractor x2, Queen, Spire  
  71  5:26  Overlord  
  71  5:27  Overlord  
  71  5:37  Baneling x2  
  71  5:39  Overlord  
  70  5:45  Drone x3  
  70  5:46  Drone x4  
  70  5:47  Drone x3  
  78  6:03  Overlord  
  75  6:06  Overlord  
  75  6:07  Drone x2  
  75  6:08  Drone x4  
  75  6:15  Overlord  
  75  6:17  Drone x3, Extractor x2  
  75  6:28  Spore Crawler  
  74  6:34  Hatchery, Mutalisk x4  
  74  6:38  Mutalisk  
  83  6:46  Drone x6  
  83  6:47  Drone  
  90  6:53  Evolution Chamber  
  89  6:55  Evolution Chamber, Mutalisk x2  
  89  6:58  Overlord  
  89  7:01  Drone x2  
  94  7:05  Mutalisk  
  94  7:08  Mutalisk  
  98  7:10  Zergling x4  
  98  7:15  Mutalisk  
  102  7:19  Mutalisk  
  102  7:22  Drone x4  
  108  7:25  Mutalisk  
  110  7:30  Drone x5  
  110  7:32  Zerg Flyer Weapons Level 1  
  115  7:41  Hatchery  
  115  7:43  Zerg Melee Weapons Level 1  
  114  7:44  Mutalisk  
  114  7:46  Drone  
  114  7:48  Extractor  
  114  7:50  Mutalisk  
  118  7:53  Drone x3  
  121  8:00  Zerg Ground Armor Level 1  
  121  8:05  Drone  
  121  8:06  Drone x6  
  121  8:09  Mutalisk, Extractor  
  121  8:11  Zergling x8  
  133  8:22  Overlord  
  133  8:25  Mutalisk x3  
  139  8:27  Zergling x12  
  139  8:31  Overlord  
  139  8:32  Mutalisk  
  139  8:33  Mutalisk  
  145  8:39  Overlord  
  145  8:40  Mutalisk  
  141  8:45  Drone x2, Overlord  
  141  8:46  Drone x4  
  147  8:51  Mutalisk x2  
  151  8:57  Overlord  
  149  9:03  Mutalisk  
  149  9:05  Mutalisk, Infestation Pit  
  149  9:07  Zergling x6  
  149  9:08  Hatchery  
  154  9:11  Mutalisk  
  154  9:13  Zergling x8  
  154  9:16  Mutalisk  
  162  9:19  Overlord  
  162  9:20  Mutalisk  
  162  9:22  Zergling x2  
  162  9:23  Zergling x4  
  167  9:29  Zergling x8  
  171  9:37  Mutalisk x2  
  168  9:43  Zergling x20  
  166  9:46  Mutalisk x2  
  166  9:49  Zergling x2  
  166  9:50  Zergling x6  
  166  9:54  Drone x2  
  166  9:55  Drone x3  
  166  9:59  Mutalisk x2  
  170  10:02  Baneling x5  
  170  10:05  Baneling x5  
  170  10:06  Zergling x6  
  177  10:10  Drone x4  
  177  10:11  Drone  
  177  10:13  Baneling x4  
  177  10:14  Baneling x2  
Tags
 
Add a new tag
Caveats
  • Supply blocks, unpowered buildings, or Contaminate may cause inaccurate times.
  • Supply counts are checked every 10 seconds.